NCAA
WAKE FOREST DEMON DEACONS @ MARYLAND TERRAPINS
05/16/2024
 
TOP OF THE 1ST
Wake Forest Demon Deacons batting - Pitching for Maryland Terrapins : RHP Enrique Miranda
Pitching: RHP Enrique Miranda
Batting: SHB Terry Dailey 0-0: Ball
1-0: Ball
2-0: Called Strike
2-1: Called Strike
2-2: Foul Ball, location: 2F
2-2: Foul Ball, location: 2F
2-2: Foul Ball, location: 2F
2-2: Foul Ball, location: 2F
2-2: Ground out 1-3 (Groundball, 23)
Batting: LHB Ken Smith 0-0: Ground out 6-3 (Groundball, 6)
Batting: RHB Jesse McKnight 0-0: Called Strike
0-1: Foul Ball, location: 2F
0-2: Ball
1-2: Ball
2-2: Ball
3-2: Base on Balls
Batting: RHB Jim Villiers 0-0: Ball
1-0: Foul Ball, location: 2F
1-1: Foul Ball, location: 2F
1-2: Ball
2-2: Foul Ball, location: 2F
2-2: Foul Ball, location: 2F
2-2: Fielders Choice at 2nd, U6 (Groundball, 6M)
Top of the 1st over - 0 run(s), 0 hit(s), 0 error(s), 1 left on base; Wake Forest 0 - Maryland 0
BOTTOM OF THE 1ST
Maryland Terrapins batting - Pitching for Wake Forest Demon Deacons : LHP Oliver Ríos
Pitching: LHP Oliver Ríos
Batting: SHB Caden Keith 0-0: Ball
1-0: Called Strike
1-1: Ball
2-1: Foul Ball, location: 2F
2-2: Foul Ball, location: 2F
2-2: Foul Ball, location: 2F
2-2: Foul Ball, location: 2F
2-2: Ground out 6-3 (Groundball, 6M)
Batting: RHB Glenn Carroll 0-0: SOLO HOME RUN (Flyball, 9LD), Distance : 316 ft
Batting: LHB Armando Torres 0-0: Called Strike
0-1: Fly out, F8 (Flyball, 8LM)
Batting: SHB Frank Johnston 0-0: Fly out, F9 (Flyball, 9D)
Bottom of the 1st over - 1 run(s), 1 hit(s), 0 error(s), 0 left on base; Wake Forest 0 - Maryland 1
TOP OF THE 2ND
Wake Forest Demon Deacons batting - Pitching for Maryland Terrapins : RHP Enrique Miranda
Batting: LHB Garrett King 0-0: SINGLE (Groundball, 15S) (infield hit)
Batting: RHB Eric Rowe 0-0: Foul Ball, location: 2F
0-1: Fly out, F4 (Line Drive, 34D)
Batting: LHB Tom Watkins 0-0: Ball
1-0: Called Strike
1-1: Ball
2-1: Ball
3-1: Base on Balls
Garrett King to second
Batting: LHB Greg Faulkner 0-0: Called Strike
0-1: Called Strike
0-2: Foul Ball, location: 2F
0-2: Ball
1-2: Ball
Wild Pitch!
Garrett King to third
Tom Watkins to second
2-2: SINGLE (Groundball, 34D) (infield hit)
Garrett King scores
Tom Watkins to third
Batting: RHB Wilbert Bernard 0-0: Ball
1-0: Ball
2-0: Called Strike
2-1: Ball
Greg Faulkner steals 2nd base
3-1: Base on Balls
Batting: SHB Terry Dailey 0-0: Called Strike
0-1: Swinging Strike
0-2: Strikes out looking
Batting: LHB Ken Smith 0-0: Ball
1-0: Called Strike
1-1: Ball
2-1: Swinging Strike
2-2: Foul Ball, location: 2F
2-2: Foul Ball, location: 2F
2-2: Ball
3-2: Foul Ball, location: 2F
3-2: Strikes out swinging
Top of the 2nd over - 1 run(s), 2 hit(s), 0 error(s), 3 left on base; Wake Forest 1 - Maryland 1
BOTTOM OF THE 2ND
Maryland Terrapins batting - Pitching for Wake Forest Demon Deacons : LHP Oliver Ríos
Batting: SHB Tom Johnson 0-0: Ground out 6-3 (Groundball, 6M)
Batting: RHB Jesús López 0-0: Foul Ball, location: 2F
0-1: DOUBLE (Line Drive, 7LS)
Batting: RHB Pedro Echevarría 0-0: Ball
1-0: SINGLE (Groundball, 4)
Jesús López to third
Runner from 3rd tries for Home, SAFE, throw made home
Pedro Echevarría to second
Batting: RHB Jorge Álvarez 0-0: Ball
1-0: Ball
2-0: Ball
3-0: Called Strike
3-1: Base on Balls
Batting: RHB Bill Smith 0-0: Ground out 3-1 (Groundball, 34)
Pedro Echevarría to third
Jorge Álvarez to second
Batting: SHB Caden Keith 0-0: Ball
1-0: Foul Ball, location: 2F
1-1: Swinging Strike
1-2: Ball
2-2: Strikes out swinging
Bottom of the 2nd over - 1 run(s), 2 hit(s), 0 error(s), 2 left on base; Wake Forest 1 - Maryland 2
TOP OF THE 3RD
Wake Forest Demon Deacons batting - Pitching for Maryland Terrapins : RHP Enrique Miranda
Batting: RHB Jesse McKnight 0-0: Ball
1-0: Foul Ball, location: 2F
1-1: Foul Ball, location: 2F
1-2: Foul Ball, location: 2F
1-2: Ball
2-2: Strikes out swinging
Batting: RHB Jim Villiers 0-0: Ball
1-0: Called Strike
1-1: Foul Ball, location: 2F
1-2: Ball
2-2: Foul Ball, location: 2F
2-2: Ball
3-2: Foul Ball, location: 2F
3-2: Ground out 6-3 (Groundball, 6M)
Batting: LHB Garrett King 0-0: Ball
1-0: Ball
2-0: Foul Ball, location: 2F
2-1: Swinging Strike
2-2: Foul Ball, location: 2F
2-2: Strikes out swinging
Top of the 3rd over - 0 run(s), 0 hit(s), 0 error(s), 0 left on base; Wake Forest 1 - Maryland 2
BOTTOM OF THE 3RD
Maryland Terrapins batting - Pitching for Wake Forest Demon Deacons : LHP Oliver Ríos
Batting: RHB Glenn Carroll 0-0: Called Strike
0-1: Swinging Strike
0-2: Ball
1-2: Fly out, F7 (Flyball, 78S)
Batting: LHB Armando Torres 0-0: Ground out 4-3 (Groundball, 4)
Batting: SHB Frank Johnston 0-0: Ball
1-0: Ball
2-0: Called Strike
2-1: Fly out, F7 (Flyball, 7LS)
Bottom of the 3rd over - 0 run(s), 0 hit(s), 0 error(s), 0 left on base; Wake Forest 1 - Maryland 2
TOP OF THE 4TH
Wake Forest Demon Deacons batting - Pitching for Maryland Terrapins : RHP Enrique Miranda
Batting: RHB Eric Rowe 0-0: Called Strike
0-1: Ball
1-1: Ball
2-1: Foul Ball, location: 2F
2-2: Ball
3-2: Base on Balls
Pitching: RHP Tommy Holmes
Batting: LHB Tom Watkins 0-0: Called Strike
0-1: Ball
1-1: Ball
2-1: Called Strike
2-2: Foul Ball, location: 2F
2-2: Ball
3-2: Fly out, F8 (Line Drive, 8LM)
3-2: Fly out, F8 (Line Drive, 8LM)
Batting: LHB Greg Faulkner 0-0: Called Strike
0-1: Ball
1-1: Ground out 3-1 (Groundball, 34S)
Eric Rowe to second
Batting: RHB Wilbert Bernard 0-0: Ground out 1-3 (Groundball, 13S)
Top of the 4th over - 0 run(s), 0 hit(s), 0 error(s), 1 left on base; Wake Forest 1 - Maryland 2
BOTTOM OF THE 4TH
Maryland Terrapins batting - Pitching for Wake Forest Demon Deacons : LHP Oliver Ríos
Batting: SHB Tom Johnson 0-0: Ball
1-0: Ball
2-0: Called Strike
2-1: Ground out 3-1 (Groundball, 34)
Batting: RHB Jesús López 0-0: Ball
1-0: SINGLE (Flyball, 89S)
Batting: RHB Pedro Echevarría 0-0: Called Strike
0-1: Foul Ball, location: 2F
0-2: Foul Ball, location: 2F
0-2: Fly out, F9 (Flyball, 8RS)
Batting: RHB Jorge Álvarez 0-0: 2-RUN HOME RUN (Flyball, 8LXD), Distance : 397 ft
Batting: RHB Bill Smith 0-0: Called Strike
0-1: Fly out, F8 (Flyball, 8LM)
Bottom of the 4th over - 2 run(s), 2 hit(s), 0 error(s), 0 left on base; Wake Forest 1 - Maryland 4
TOP OF THE 5TH
Wake Forest Demon Deacons batting - Pitching for Maryland Terrapins : RHP Tommy Holmes
Batting: SHB Terry Dailey 0-0: Ball
1-0: Ball
2-0: Called Strike
2-1: Swinging Strike
2-2: Ball
3-2: Strikes out swinging
Batting: LHB Ken Smith 0-0: Called Strike
0-1: Ball
1-1: Swinging Strike
1-2: Fly out, F7 (Flyball, 7M)
Batting: RHB Jesse McKnight 0-0: Called Strike
0-1: DOUBLE (Line Drive, 9LM)
Batting: RHB Jim Villiers 0-0: Ball
1-0: Called Strike
1-1: Ground out 5-3 (Groundball, 56)
Top of the 5th over - 0 run(s), 1 hit(s), 0 error(s), 1 left on base; Wake Forest 1 - Maryland 4
BOTTOM OF THE 5TH
Maryland Terrapins batting - Pitching for Wake Forest Demon Deacons : LHP Oliver Ríos
Batting: SHB Caden Keith 0-0: Called Strike
0-1: Ball
1-1: Ball
2-1: Ball
3-1: Foul Ball, location: 2F
3-2: Fly out, F8 (Flyball, 8RD)
Batting: RHB Glenn Carroll 0-0: Called Strike
0-1: Swinging Strike
0-2: Foul Ball, location: 2F
0-2: Strikes out swinging
Batting: LHB Armando Torres 0-0: Called Strike
0-1: Ball
1-1: Foul Ball, location: 2F
1-2: Ball
2-2: Fly out, F7 (Line Drive, 7M)
Bottom of the 5th over - 0 run(s), 0 hit(s), 0 error(s), 0 left on base; Wake Forest 1 - Maryland 4
TOP OF THE 6TH
Wake Forest Demon Deacons batting - Pitching for Maryland Terrapins : RHP Tommy Holmes
Batting: LHB Garrett King 0-0: Called Strike
0-1: Ground out 6-3 (Groundball, 6M)
Batting: RHB Eric Rowe 0-0: Ground out 1-3 (Groundball, 15S)
Batting: LHB Tom Watkins 0-0: SINGLE (Line Drive, 7S)
Batting: LHB Greg Faulkner 0-0: Ball
1-0: Ball
2-0: Called Strike
2-1: Ball
3-1: Swinging Strike
3-2: Base on Balls
Tom Watkins to second
Batting: RHB Wilbert Bernard 0-0: Called Strike
0-1: SINGLE (Groundball, 6M) (infield hit)
Tom Watkins to third
Greg Faulkner to second
Batting: SHB Terry Dailey 0-0: Called Strike
0-1: Called Strike
0-2: Ground out 5-3 (Groundball, 56)
Top of the 6th over - 0 run(s), 2 hit(s), 0 error(s), 3 left on base; Wake Forest 1 - Maryland 4
BOTTOM OF THE 6TH
Maryland Terrapins batting - Pitching for Wake Forest Demon Deacons : LHP Oliver Ríos
Batting: SHB Frank Johnston 0-0: Swinging Strike
0-1: Ball
1-1: Ball
2-1: Ball
3-1: Foul Ball, location: 2F
3-2: Base on Balls
Batting: SHB Tom Johnson 0-0: SINGLE (Groundball, 56)
Frank Johnston to second
Batting: RHB Jesús López 0-0: Called Strike
0-1: Called Strike
0-2: Ball
1-2: Ball
2-2: Strikes out swinging
Batting: RHB Pedro Echevarría 0-0: Ball
1-0: Swinging Strike
1-1: Ball
2-1: Foul Ball, location: 2F
2-2: SINGLE (Groundball, 4M)
Frank Johnston to third
Tom Johnson to second
Runner from 3rd tries for Home, SAFE, no throw or cutoff
Pitching: RHP Dan Mitchell
Batting: RHB Jorge Álvarez 0-0: Ball
1-0: Called Strike
1-1: Swinging Strike
1-2: Foul Ball, location: 2F
1-2: Ball
2-2: Fly out, F9 (Flyball, 9M)
Pitching: LHP Lonnie Cole
Batting: RHB Bill Smith 0-0: Ball
1-0: Ball
2-0: Foul Ball, location: 2F
2-1: Foul Ball, location: 2F
2-2: Foul Ball, location: 2F
2-2: Strikes out swinging
Bottom of the 6th over - 1 run(s), 2 hit(s), 0 error(s), 2 left on base; Wake Forest 1 - Maryland 5
TOP OF THE 7TH
Wake Forest Demon Deacons batting - Pitching for Maryland Terrapins : RHP Tommy Holmes
Pitching: LHP Luis Luján
Batting: LHB Ken Smith 0-0: Fly out, F9 (Flyball, 89M)
Batting: RHB Jesse McKnight 0-0: Ball
1-0: Called Strike
1-1: Called Strike
1-2: Ball
2-2: Foul Ball, location: 2F
2-2: SINGLE (Line Drive, 4M)
Batting: RHB Jim Villiers 0-0: Called Strike
0-1: Ball
1-1: Called Strike
1-2: Ball
2-2: Foul Ball, location: 2F
2-2: Ball
3-2: Base on Balls
Jesse McKnight to second
Batting: LHB Garrett King 0-0: Called Strike
0-1: Foul Ball, location: 2F
0-2: DOUBLE (Flyball, 78D)
Jesse McKnight scores
Jim Villiers to third
Runner from 3rd tries for Home, SAFE, no throw or cutoff
Batting: RHB Eric Rowe 0-0: Ball
1-0: Foul Ball, location: 2F
1-1: SINGLE (Groundball, 34D)
Garrett King to third
Runner from 3rd tries for Home, SAFE, no throw or cutoff
Pitching: RHP Pete Gillespie
Pinch Hitting: SHB Ernesto García 0-0: Ball
1-0: Ball
2-0: Foul Ball, location: 2F
2-1: Foul Ball, location: 2F
2-2: DOUBLE (Line Drive, 8LM)
Eric Rowe to third
Batting: LHB Greg Faulkner 0-0: Ball
1-0: Ball
2-0: Called Strike
2-1: Foul Ball, location: 2F
2-2: Foul Ball, location: 2F
2-2: Foul Ball, location: 2F
2-2: Ball
3-2: Base on Balls
Batting: RHB Wilbert Bernard 0-0: Foul Ball, location: 2F
0-1: Foul Ball, location: 2F
0-2: Ball
1-2: Foul Ball, location: 2F
1-2: Fly out, F8 (Flyball, 8RM)
Runner from 3rd tags up, SCORES, no throw
Batting: SHB Terry Dailey 0-0: Ball
1-0: Called Strike
1-1: Ball
2-1: Called Strike
2-2: Strikes out swinging
Top of the 7th over - 4 run(s), 4 hit(s), 0 error(s), 2 left on base; Wake Forest 5 - Maryland 5
BOTTOM OF THE 7TH
Maryland Terrapins batting - Pitching for Wake Forest Demon Deacons : LHP Lonnie Cole
Pitching: LHP Marc Young
Now in LF: Roberto Félix
Batting: SHB Caden Keith 0-0: Foul Ball, location: 2F
0-1: Ball
1-1: Ball
2-1: DOUBLE (Line Drive, 89XD)
Pitching: LHP Greg Ferguson
Batting: RHB Glenn Carroll 0-0: Ball
1-0: Ball
2-0: Called Strike
2-1: Ground out 6-3 (Groundball, 6)
Caden Keith to third
Batting: LHB Armando Torres 0-0: Fly out, F9 (Line Drive, 9M)
Runner from 3rd tags up, SCORES, no throw
Batting: SHB Frank Johnston 0-0: Swinging Strike
0-1: Ball
1-1: Ball
2-1: Swinging Strike
2-2: Ball
3-2: Foul Ball, location: 2F
3-2: Strikes out swinging
Bottom of the 7th over - 1 run(s), 1 hit(s), 0 error(s), 0 left on base; Wake Forest 5 - Maryland 6
TOP OF THE 8TH
Wake Forest Demon Deacons batting - Pitching for Maryland Terrapins : RHP Pete Gillespie
Pitching: RHP Mike Williams
Batting: LHB Ken Smith 0-0: Fly out, F2 (Popup, 25F)
Batting: RHB Jesse McKnight 0-0: Called Strike
0-1: SINGLE (Line Drive, 6M)
Batting: RHB Jim Villiers 0-0: Ball
1-0: Called Strike
1-1: Swinging Strike
1-2: SINGLE (Line Drive, 78S)
Jesse McKnight to second
Batting: LHB Garrett King 0-0: Ball
1-0: Ball
2-0: Called Strike
2-1: Ball
3-1: Swinging Strike
3-2: Ground out 5-3 (Groundball, 15S)
Jesse McKnight to third
Jim Villiers to second
Batting: RHB Eric Rowe 0-0: Called Strike
0-1: Ball
1-1: Ball
2-1: Foul Ball, location: 2F
2-2: Foul Ball, location: 2F
2-2: Ground out 6-3 (Groundball, 6M)
Top of the 8th over - 0 run(s), 2 hit(s), 0 error(s), 2 left on base; Wake Forest 5 - Maryland 6
BOTTOM OF THE 8TH
Maryland Terrapins batting - Pitching for Wake Forest Demon Deacons : LHP Greg Ferguson
Batting: SHB Tom Johnson 0-0: Ball
1-0: Called Strike
1-1: Ball
2-1: Foul Ball, location: 2F
2-2: Ball
3-2: Foul Ball, location: 2F
3-2: Strikes out swinging
Batting: RHB Jesús López 0-0: Ball
1-0: Ball
2-0: Ground out 6-3 (Groundball, 6M)
Batting: RHB Pedro Echevarría 0-0: Ball
1-0: Called Strike
1-1: Ball
2-1: Ball
3-1: Swinging Strike
3-2: Base on Balls
Pinch Hitting: RHB Michael Burke 0-0: SINGLE (Line Drive, 56)
Pedro Echevarría to second
Pinch Hitting: RHB Tommy Allen 0-0: 3-RUN HOME RUN (Flyball, 7D), Distance : 371 ft
Batting: SHB Caden Keith 0-0: Called Strike
0-1: Foul Ball, location: 2F
0-2: Fly out, F9 (Line Drive, 89S)
Bottom of the 8th over - 3 run(s), 2 hit(s), 0 error(s), 0 left on base; Wake Forest 5 - Maryland 9
TOP OF THE 9TH
Wake Forest Demon Deacons batting - Pitching for Maryland Terrapins : RHP Mike Williams
Now at 1B: Tommy Allen
Now at 2B: Will Sawyer
Batting: LHB Roberto Félix 0-0: SINGLE (Line Drive, 4D)
Batting: LHB Greg Faulkner 0-0: Called Strike
0-1: Ball
1-1: Swinging Strike
1-2: Foul Ball, location: 2F
1-2: Ball
2-2: Foul Ball, location: 2F
2-2: Ball
3-2: Strikes out swinging
Roberto Félix is caught stealing 2nd base
Batter strikes out.
Batting: RHB Wilbert Bernard 0-0: Foul Ball, location: 2F
0-1: Ball
1-1: Foul Ball, location: 2F
1-2: Ball
2-2: Foul Ball, location: 2F
2-2: Ball
3-2: Strikes out looking
Top of the 9th over - 0 run(s), 1 hit(s), 0 error(s), 0 left on base; Wake Forest 5 - Maryland 9
This league is powered by Out of the Park Baseball, the baseball management simulation game for PC, Mac and Linux
Saturday, April 9th, 2016 - OOTP Baseball 16.8 Build 38